 Dungeon Crawl Stone Soup version 0.27.1-33-g824d729ab1 (webtiles) character file.

Game seed: 1437972977244065128

164 raph the Firebug (level 5, -1/28 HPs)
             Began as a Tengu Fire Elementalist on Dec 28, 2021.
             Was an Initiate of Makhleb.
             Killed from afar by an orc wizard (7 damage)
             ... with a magic dart
             ... on level 5 of the Dungeon.
             The game lasted 00:05:28 (4397 turns).

raph the Firebug (Tengu Fire Elementalist)          Turns: 4397, Time: 00:05:30

Health: -1/28      AC:  5    Str:  8    XL:     5   Next: 45%
Magic:  0/10       EV: 14    Int: 17    God:    Makhleb [......]
Gold:   191        SH:  5    Dex: 14    Spells: 3/9 levels left

rFire    . . .     SeeInvis .   i - +0 morningstar
rCold    . . .     Faith    .   (no shield)
rNeg     . . .     Spirit   .   a - +0 robe
rPois    .         Reflect  +   (helmet restricted)
rElec    .         Harm     .   (no cloak)
rCorr    .         Rampage  .   m - +2 pair of gloves
Will     .....                  (boots unavailable)
Stlth    ++........             h - amulet of reflection
HPRegen  0.09/turn              (no ring)
MPRegen  0.12/turn              (no ring)

@: flying quickly and evasively, quick
A: beak, talons 3, nimble flight
a: Renounce Religion


You were on level 5 of the Dungeon.
You worshipped Makhleb.
Makhleb was noncommittal.
You visited 1 branch of the dungeon, and saw 5 of its levels.

You collected 191 gold pieces.

Inventory:

Hand Weapons
 b - a +0 short sword
 c - a +1 hand axe of electrocution
 i - a +0 morningstar (weapon)
Armour
 a - a +0 robe (worn)
 m - a +2 pair of gloves (worn)
Jewellery
 h - an amulet of reflection (around neck)
Potions
 e - 2 potions of berserk rage {unknown}
 f - 4 potions of curing
 l - 2 potions of might {unknown}
 n - 2 potions of ambrosia {unknown}
 o - a potion of flight {unknown}


   Skills:
 - Level 2.1 Dodging
 - Level 2.0 Stealth
 + Level 2.6 Spellcasting
 + Level 4.4 Conjurations
 + Level 4.9 Fire Magic


You had 3 spell levels left.
You knew the following spells:

 Your Spells              Type           Power      Damage    Failure   Level
a - Foxfire               Conj/Fire      72%        2x1d7     2%          1
b - Blink                 Tloc           N/A        N/A       28%         2
c - Conjure Flame         Conj/Fire      18%        6-21      8%          3

Your spell library contained the following spells:

 Spells                   Type           Power      Damage    Failure   Level
 Inner Flame              Hex/Fire       10%        N/A       21%         3
 Corpse Rot               Necr/Air       N/A        N/A       28%         2
 Poisonous Vapours        Pois/Air       4%         N/A       28%         2
 Sublimation of Blood     Necr           1%         N/A       28%         2
 Wereblood                Tmut           2%         N/A       28%         2
 Lesser Beckoning         Tloc           1%         N/A       50%         3
 Sticky Flame             Conj/Fire      18%        2d4       26%         4
 Fireball                 Conj/Fire      9%         3d6       58%         5
 Freezing Cloud           Conj/Ice/Air   3%         6-21      95%         5
 Manifold Assault         Tloc           2%         N/A       99%         5
 Summon Hydra             Summ           1%         N/A       100%        7


Dungeon Overview and Level Annotations

Branches:
Dungeon (5/15)
 Temple: D:4-7

Altars:
Makhleb
Wu Jian

Annotations:
D:4 Dowan, Duvessa


Innate Abilities, Weirdness & Mutations

You have a beak for a mouth.
You have claws for feet.
Your magical nature lets you fly swiftly and evasively.


Message History

You barely miss the quokka. The quokka misses you.
You block the quokka's attack.
Casting: Foxfire (safe; 2% risk of failure)
Confirm with . or Enter, or press ? or * to list all spells.
You conjure some foxfire!
The quokka bites you. You block the iguana's attack.
The foxfire hits something.
The quokka closely misses you.
You puncture the quokka!
You kill the quokka!
Makhleb accepts your kill.
The foxfire hits the iguana.
The iguana is severely wounded.
The iguana barely misses you. x2
Casting: Foxfire (safe; 2% risk of failure)
Confirm with . or Enter, or press ? or * to list all spells.
You conjure some foxfire!
You hear some strange, mumbled words.
Something tries to affect you, but you resist.
The iguana bites you.
The foxfire hits the iguana.
The iguana is severely wounded.
The foxfire hits the iguana but does no damage.
The iguana is severely wounded.
You hear some strange, mumbled words.
A magic dart appears from out of thin air!
The magic dart hits you!
* * * LOW HITPOINT WARNING * * *
The iguana closely misses you.
Casting: Foxfire (safe; 2% risk of failure)
Confirm with . or Enter, or press ? or * to list all spells.
You conjure some foxfire!
You block something's attack.
The iguana bites you but does no damage.
You puncture the iguana!
You kill the iguana!
Makhleb accepts your kill.
The foxfire hits something but does no damage.
The foxfire hits something!
You hear some strange, mumbled words.
A magic dart appears from out of thin air!
The magic dart hits you!
You die...

## ........... ..
.......... #.
............... .
##.#####.............## .
..#....).)..# ..........##.
.....##.#...###............
...#..#.##.###..##.....#..#
...#.....§.####..#.....#..#
#.........@{.#............#
###..............#..#.....#
#........§.>..#...#.#.....#
#.............##......##...
...............#.....####<#
#..................#..#...#
.........#.....###..#....##
##...............#.###...
##................# ##..


There were no monsters in sight!

Vanquished Creatures
  A centaur zombie (D:4)
  2 iguanas
  An orc wizard (D:5)
  A gnoll (D:1)
  2 adders
  6 orcs
  3 ball pythons
  6 endoplasms
  2 giant cockroaches
  4 goblins
  3 hobgoblins (D:1)
  2 kobolds (D:1)
  4 quokkas
  7 bats
  3 frilled lizards (D:1)
  4 rats
51 creatures vanquished.

Vanquished Creatures (collateral kills)
  A foxfire (D:4)
1 creature vanquished.

Vanquished Creatures (others)
  194 foxfires
194 creatures vanquished.

Grand Total: 246 creatures vanquished

Notes
Turn   | Place    | Note
-------+----------+-------------------------------------------
     0 | D:1      | raph the Tengu Fire Elementalist began the quest for the
                  | Orb.
     0 | D:1      | Reached XP level 1. HP: 10/10 MP: 4/4
   432 | D:1      | Reached XP level 2. HP: 15/15 MP: 1/6
  1148 | D:1      | Found a faded altar of an unknown god.
  1228 | D:1      | Reached XP level 3. HP: 9/19 MP: 3/7
  1933 | D:2      | Learned a level 2 spell: Blink
  1941 | D:2      | Learned a level 3 spell: Conjure Flame
  2019 | D:2      | Found a burning altar of Makhleb.
  2041 | D:2      | Became a worshipper of Makhleb the Destroyer
  3422 | D:3      | Found an ornate altar of the Wu Jian Council.
  3681 | D:4      | Reached XP level 4. HP: 17/24 MP: 0/8
  3783 | D:4      | Noticed Duvessa
  3786 | D:4      | Noticed Dowan
  3789 | D:4      | Noticed an ogre
  4229 | D:4      | Noticed a necrophage
  4233 | D:4      | Gained mutation: Your magical nature lets you fly swiftly
                  | and evasively. [Tengu growth]
  4233 | D:4      | Reached XP level 5. HP: 27/28 MP: 1/9
  4264 | D:5      | Entered Level 5 of the Dungeon
  4397 | D:5      | Killed from afar by an orc wizard

Illustrated notes

Levels and vault maps discovered:
D:1:      tarquinn_simple_flora_water_b, layout_rooms, serial_curves,
          eino_curves_02, eino_curves_01, eino_curves_02, eino_curves_02,
          shapermc_ecumenical_altar_acropolis, corexii_hall_statues_x
D:2:      minmay_general_purpose_star, layout_loops_ring, basic_altar,
          kennysheep_nub
D:3:      layout_basic, nzn_wu_jian_council_hall, minmay_misc_feat_enclosed
D:4:      layout_cave_pools, ebering_ghost_disaster_area, uniq_duvessa
D:5:      layout_cave_pools, nemelex_dance_club_becter, serial_bayou_pond_a

Skill      XL: |  1  2  3  4 |
---------------+-------------+-----
Conjurations   | 2 3 4 |  4.4
Fire Magic     | 4 |  4.9
Dodging        | |  2.1
Stealth        | |  2.0
Spellcasting   | |  2.6

Action                   |  1- 3 |  4- 6 || total
-------------------------+-------+-------++-------
Melee: Hand axe          |     9 |       ||     9
       Kick              |     5 |     1 ||     6
       Peck              |     2 |     2 ||     4
       Unarmed           |     1 |       ||     1
       Morningstar       |     6 |    11 ||    17
 Cast: Foxfire           |    69 |    47 ||   116
  Use: Scroll            |       |     4 ||     4
 Stab: Sleeping          |     1 |       ||     1
Armor: Robe              |    10 |    10 ||    20
Dodge: Dodged            |    44 |    17 ||    61
Block: Other             |     5 |     7 ||    12
